 Dungeon Crawl Stone Soup version 0.29-a0-380-gf50f0a9fbc (webtiles) character file.

Game seed: 1982792919394547718

37 bastard the Caller (level 3, 0/26 HPs)
             Began as a Barachi Summoner on May 6, 2022.
             Succumbed to an adder's poison
             ... on level 2 of the Dungeon.
             The game lasted 00:02:44 (2589 turns).

bastard the Caller (Barachi Summoner)               Turns: 2589, Time: 00:02:45

Health: 0/26       AC:  2    Str:  9    XL:     3   Next: 39%
Magic:  3/6        EV: 12    Int: 17    God:
Gold:   103        SH:  0    Dex: 12    Spells: 0/6 levels left

rFire   . . .      SeeInvis .   e - +0 dagger (venom)
rCold   . . .      Faith    .   (no shield)
rNeg    . . .      Spirit   .   a - +0 robe
rPois   .          Reflect  .   (no helmet)
rElec   .          Harm     .   (no cloak)
rCorr   .          Rampage  .   (no gloves)
Will    .....                   (no boots)
Stlth   ++........              (no amulet)
HPRegen 0.08/turn               (no ring)
MPRegen 0.10/turn               (no ring)

@: lethally poisoned (0 -> -7), attractive, slow
A: amphibious, slowness 1, strong legs 1, +LOS, robust 1
a: Hop


You were on level 2 of the Dungeon.
You visited 1 branch of the dungeon, and saw 2 of its levels.

You collected 103 gold pieces.

Inventory:

Hand Weapons
 e - a +0 dagger of venom (weapon)
Armour
 a - a +0 robe (worn)
Jewellery
 f - a ring of willpower
Potions
 b - a potion of magic
 c - a potion of mutation
 d - a potion of attraction


   Skills:
 - Level 2.1 Dodging
 - Level 1.7 Stealth
 + Level 2.4 Spellcasting
 * Level 6.0 Summonings


You couldn't memorise any spells.
You knew the following spells:

 Your Spells              Type           Power      Damage    Failure   Level
a - Summon Small Mammal   Summ           88%        N/A       1%          1
b - Call Imp              Summ           22%        N/A       2%          2
c - Call Canine Familiar  Summ           22%        N/A       4%          3

Your spell library contained the following spells:

 Spells                   Type           Power      Damage    Failure   Level
 Summon Guardian Golem    Hex/Summ       12%        N/A       16%         3
 Summon Lightning Spire   Summ/Air       12%        N/A       47%         4


Dungeon Overview and Level Annotations

Branches:
Dungeon (2/15)

Altars:


Innate Abilities, Weirdness & Mutations

You are amphibious.
You cover ground slowly.
You can hop short distances.
You have an extended range of vision and can be seen from far away.
You are robust. (+10% HP)


Message History

You swap places.
You feel sick.
The adder completely misses your crimson imp.
Your crimson imp blinks!
You feel sick.
Casting: Call Imp (safe; 2% risk of failure)
Confirm with . or Enter, or press ? or * to list all spells.
You don't have enough magic to cast this spell.
Unknown command.
You hit the adder but do no damage.
You feel sick. The adder bites you.
You are more poisoned.
The adder poisons you!
You hit the adder but do no damage.
The adder is poisoned.
You feel sick. The adder bites you.
You are lethally poisoned!
The adder poisons you!
You closely miss the adder.
* * * LOW HITPOINT WARNING * * *
You feel sick. The adder bites you.
* * * LOW HITPOINT WARNING * * *
You are more poisoned.
The adder poisons you!
Your crimson imp blinks!
The adder bites you.
* * * LOW HITPOINT WARNING * * *
It was a potion of mutation.
You feel extremely strange.
You feel robust.
* * * LOW HITPOINT WARNING * * *
You feel very sick. The adder misses you.
It was a potion of attraction.
You feel attractive to monsters.
* * * LOW HITPOINT WARNING * * *
You feel sick. The adder misses you.
Okay, then.
Casting: Call Imp (safe; 2% risk of failure)
Confirm with . or Enter, or press ? or * to list all spells.
Okay, then.
You closely miss the adder.
The adder is severely wounded.
You die...

##^##..####.#
#.##.##.#
#...........#
#.##.##..
#..###...#####
#.##.# ..
##..# #.##..
#..#######.#
#.
#...†......#
#..#########
...$#.####..##
..$....5.S@..#
..#>#.####...#
........
.!..######
######


You could see an adder (very poisoned, ally target) and a friendly crimson imp
(summoned).

Vanquished Creatures
  A dart slug (D:1)
  An endoplasm (D:2)
  2 giant cockroaches (D:2)
  2 goblins (D:2)
  2 hobgoblins
  2 ball pythons (D:1)
  3 bats
  A frilled lizard (D:1)
  2 kobolds (D:1)
  4 rats
20 creatures vanquished.

Vanquished Creatures (collateral kills)
  A dart slug (D:1)
  An endoplasm (D:1)
  3 goblins (D:1)
  2 kobolds (D:1)
  A quokka (D:1)
  A ball python (D:1)
  A frilled lizard (D:1)
  2 rats (D:1)
12 creatures vanquished.

Grand Total: 32 creatures vanquished

Notes
Turn   | Place    | Note
-------+----------+-------------------------------------------
     0 | D:1      | bastard the Barachi Summoner began the quest for the Orb.
     0 | D:1      | Reached XP level 1. HP: 13/13 MP: 3/3
   343 | D:1      | Reached skill level 5 in Summonings
   794 | D:1      | Reached XP level 2. HP: 17/19 MP: 1/5
   797 | D:1      | Learned a level 2 spell: Call Imp
  1258 | D:1      | Found a faded altar of an unknown god.
  1990 | D:1      | Reached XP level 3. HP: 24/24 MP: 6/6
  1994 | D:1      | Learned a level 3 spell: Call Canine Familiar
  2409 | D:2      | Reached skill level 6 in Summonings
  2587 | D:2      | Gained mutation: You are robust. (+10% HP) [potion of
                  | mutation]
  2588 | D:2      | HP: 1/26 [poisoned by an adder]
  2589 | D:2      | Succumbed to an adder's poison

Illustrated notes

Levels and vault maps discovered:
D:1:      erik_arrival_cave_to_civilisation [erik_arrival_cave_to_temple],
          layout_loops_ring, dilly_ecumenical_altar_fadedgnrine,
          hangedman_abyss_or_decor_stabs
D:2:      layout_loops_ring, serial_shops, shop, grunt_ministairs_6,
          chequers_serial_rivers_micro_e

Skill      XL: |  1  2  3 |
---------------+----------+-----
Summonings     | 5 6 |  6.0
Dodging        | |  2.1
Stealth        | |  1.7
Spellcasting   | |  2.4

Action                   || total
-------------------------++-------
Melee: Unarmed           ||    17
       Punch             ||     1
       Dagger            ||    46
 Cast: Summon Small Mamm ||    10
       Call Imp          ||     9
 Abil: Hop               ||     1
  Use: Potion            ||     2
 Stab: Sleeping          ||     2
Armor: Robe              ||    26
Dodge: Dodged            ||    72

Table legend: (Time is in decaauts)
 A = Elapsed time spent in this place.
 B = Non-inter-level travel time spent in this place.
 C = Inter-level travel time spent in this place.
 D = Time resting spent in this place.
 E = Time spent auto-exploring this place.
 F = Levels seen in this place.
 G = Mean time per level.
                   A        B        C        D        E       F      G
               +--------+--------+--------+--------+--------+-----+--------+
         Total |   2788 |   2762 |     26 |      0 |   2423 |   2 | 1394.0 |
       Dungeon |   2788 |   2762 |     26 |      0 |   2423 |   2 | 1394.0 |
               +--------+--------+--------+--------+--------+-----+--------+

Top non-repeatable levels by time:
     D:1: 2319 daAuts
     D:2: 469 daAuts
